 Dungeon Crawl Stone Soup version 0.19-a0-1899-g2d93087 (webtiles) character file.

56 dobroeutro the Shooter (level 3, -1/46 HPs)
             Began as a Centaur Hunter on Oct 20, 2016.
             Slain by an orc wizard
             ... wielding a +0 dagger
              (3 damage)
             ... on level 3 of the Dungeon.
             The game lasted 00:02:58 (1761 turns).

dobroeutro the Shooter (Centaur Hunter)             Turns: 1761, Time: 00:02:59

Health: -1/46      AC:  6    Str: 20    XL:     3   Next: 71%
Magic:  3/3        EV:  9    Int: 12    God:
Gold:   141        SH:  5    Dex:  9    Spells: 0 memorised, 2 levels left

rFire  x . .     SeeInvis .     a - +1 shortbow
rCold  + . .     Gourm    .     c - +0 leather armour
rNeg   . . .     Faith    .     (shield currently unavailable)
rPois  .         Spirit   .     (no helmet)
rElec  .         Reflect  +     k - +0 cloak {+Inv}
rCorr  .         Harm     .     n - +0 pair of gloves
MR     .....                    (no barding)
Stlth  ..........               w - +5 amulet of reflection
                                q - +2 ring of intelligence
                                b - ring of ice

@: berserking, very quick
A: hooves 3, deformed body, speed 2, tough skin 3
a: Evoke Invisibility


You were on level 3 of the Dungeon.
You were hungry.

You visited 1 branch of the dungeon, and saw 3 of its levels.

You collected 141 gold pieces.

Inventory:

Hand Weapons
 a - a +1 shortbow (weapon)
 o - a +0 quarterstaff of speed
Missiles
 d - 36 arrows (quivered)
Armour
 c - a +0 leather armour (worn)
 k - a +0 cloak of invisibility (worn)
 n - a +0 pair of gloves (worn)
Jewellery
 b - a ring of ice (left hand)
 q - a +2 ring of intelligence (right hand)
 w - a +5 amulet of reflection (around neck)
Wands
 l - a wand of random effects (40/48)
Scrolls
 e - a scroll of recharging {unknown}
 g - 3 scrolls of remove curse {unknown}
 h - a scroll of teleportation {unknown}
 j - a scroll of identify {unknown}
 m - a scroll of enchant armour {unknown}
 p - a scroll of magic mapping {unknown}
 r - a scroll of enchant weapon {unknown}
Potions
 t - a potion of cancellation {unknown}
 u - a potion of degeneration {unknown}
 v - a potion of berserk rage
Comestibles
 f - a bread ration
 i - 3 meat rations
 s - 3 chunks of flesh


   Skills:
 + Level 3.0 Fighting
 + Level 6.5 Bows
 - Level 1.3 Dodging
 - Level 0.4 Stealth


You had 2 spell levels left.
You didn't know any spells.

Dungeon Overview and Level Annotations

Branches:
Dungeon (3/15)

Altars:
Ashenzari

Annotations:
D:2 Sigmund


Innate Abilities, Weirdness & Mutations

You have hooves in place of feet.
Armour fits poorly on your strangely shaped body.
You cover ground very quickly.
You have extremely tough skin. (AC +3)


Message History

You hear some strange, mumbled words.
A puff of flame appears from out of thin air!
The puff of flame hits you! The fire burns you terribly!
Ouch! That really hurt!
* * * LOW HITPOINT WARNING * * *
The orc hits you with a club.
* * * LOW HITPOINT WARNING * * *
You block the orc's attack.
It was a potion of berserk rage.
A red film seems to cover your vision as you go berserk!
You feel yourself moving faster!
You feel mighty! Something hits you but does no damage.
The orc hits you with a club.
* * * LOW HITPOINT WARNING * * *
Really attack while wielding your +1 shortbow? [Y]es or [N]o only, please.
Really attack while wielding your +1 shortbow?
Okay, then.
You are too berserk!
Something hits you.
You die...

...##.#...######........
...##.###...........>...
...##.###...####........
..........#.# #........
...##.#####.####........
...##.# #........####.
...#..# #..#####.##
.....## ###......#..###
....#####....#..@.....#
..........####oo.##.#.#
..........# ##(##
...............(.
.......#####......
.......# .......
.......# +..._...'
#####..# #.......(. #..#
#...(..(#.#


You could see 2 orcs.

Vanquished Creatures
  An adder (D:2)
  2 oozes (D:2)
  3 worms (D:2)
  A dart slug (D:1)
  A leopard gecko (D:1)
  An orc (D:3)
  A giant cockroach (D:2)
  3 goblins
  4 hobgoblins
  A ball python (D:2)
  2 bats (D:2)
  2 frilled lizards
  3 kobolds
  5 rats
30 creatures vanquished.

Notes
Turn   | Place    | Note
-------+----------+-------------------------------------------
     0 | D:1      | dobroeutro the Centaur Hunter began the quest for the Orb.
     0 | D:1      | Reached XP level 1. HP: 17/17 MP: 1/1
   394 | D:1      | Reached XP level 2. HP: 21/24 MP: 2/2
   685 | D:2      | Reached skill level 6 in Bows
   810 | D:2      | Reached XP level 3. HP: 30/30 MP: 3/3
   936 | D:2      | Noticed Sigmund
  1740 | D:3      | Found a shattered altar of Ashenzari.
  1760 | D:3      | HP: 2/46 [orc/club (2)]
  1761 | D:3      | Slain by an orc wizard

Vault maps used:
D:1:      minmay_arrival_four_circles
D:2:      uniq_sigmund
D:3:      evilmike_ruin_ashenzari

Skill      XL: |  1  2  3 |
---------------+----------+-----
Bows           | 6 |  6.5
Fighting       | 3 |  3.0
Dodging        | |  1.3
Stealth        | |  0.4

Action                   || total
-------------------------++-------
Melee: Short sword       ||    30
       Kick              ||    22
       Quarterstaff      ||    85
 Fire: Shortbow          ||    15
  Use: Potion            ||     1
  Eat: Chunk             ||     1
Armor: Leather armour    ||    41
Dodge: Dodged            ||    47
Block: Other             ||     2
